 Dungeon Crawl Stone Soup version 0.16.1-4-g8e1b745 (webtiles) character file.

851 karlm the Skirmisher (level 8, -1/84 HPs)
             Began as an Ogre Hunter on Mar 26, 2015.
             Was a Priest of Trog.
             Slain by a gnoll
             ... wielding a +2 whip of electrocution
              (9 damage)
             ... on level 5 of the Dungeon.
             The game lasted 00:17:40 (6938 turns).

karlm the Skirmisher (Ogre Hunter)                  Turns: 6938, Time: 00:17:40

Health: -1/84      AC:  3    Str: 18    XL:     8   Next: 1%
Magic:  8/8        EV: 11    Int: 10    God:    Trog [***...]
Gold:   176        SH:  0    Dex: 12    Spells: 0 memorised, 7 levels left

rFire  . . .     SeeInvis .     r - +0 morningstar
rCold  . . .     Clarity  .     d - +0 animal skin
rNeg   . . .     SustAb   .     (shield restricted)
rPois  .         Gourm    .     (helmet restricted)
rElec  .         Spirit   .     (no cloak)
rCorr  .         Warding  .     (gloves unavailable)
rMut   .         Stasis   .     (boots unavailable)
MR     .....                    (no amulet)
Stlth  ++........               (no ring)
                                s - ring of stealth

@: exhausted, slowed, very slow, not resistant to hostile enchantments,
unstealthy
A: unfitting armour, tough skin 1
a: Burn Spellbooks, Berserk, Trog's Hand, Renounce Religion


You were on level 5 of the Dungeon.
You worshipped Trog.
Trog was most pleased with you.
You were hungry.

You visited 2 branches of the dungeon, and saw 6 of its levels.
You also visited: Sewer.

You collected 210 gold pieces.

Inventory:

Hand weapons
 r - a +0 morningstar (weapon)
 y - a +0 giant club
Missiles
 b - 2 large rocks (quivered)
 c - 2 throwing nets
 e - 126 stones
 g - 7 tomahawks
 k - 17 poisoned needles
Armour
 d - a +0 animal skin (worn)
Jewellery
 o - an uncursed ring of fire
 s - a ring of stealth (left hand)
 B - an uncursed ring of fire
Scrolls
 a - a scroll of identify
 i - 2 scrolls of teleportation
 l - 4 scrolls of magic mapping
 q - 5 scrolls of fog
 v - a scroll of recharging
 A - a scroll of remove curse
Potions
 j - a potion of poison {unknown}
 n - 4 potions of curing
 t - a potion of might
 u - 4 potions of heal wounds
 w - a potion of brilliance
 x - 2 potions of magic
Miscellaneous
 h - a plain deck of defence {drawn: 1}
Comestibles
 f - 3 meat rations
 m - 4 bread rations
 p - 3 fruits
 z - 2 royal jellies


   Skills:
 * Level 6.6 Fighting
 * Level 6.1 Maces & Flails
 + Level 5.3 Throwing
 + Level 4.5 Dodging
 - Level 1.0 Stealth


You had 7 spell levels left.
You didn't know any spells.

Dungeon Overview and Level Annotations

Branches:
Dungeon (5/15)             Temple (1/1) D:5

Altars:
Ashenzari
Cheibriados
Dithmenos
Elyvilon
Fedhas
Gozag
Makhleb
Nemelex Xobeh
Okawaru
Qazlal
Ru
Sif Muna
Trog
Xom
Yredelemnul
Jiyva


Innate Abilities, Weirdness & Mutations

You are too large for most types of armour.
You have tough skin (AC +1).


Message History

You hit the gnoll!
The gnoll is almost dead.
The gnoll hits you with a whip of electrocution.
* * * LOW HITPOINT WARNING * * *
You barely miss the gnoll.
The gnoll is almost dead.
The gnoll hits you with a whip of electrocution.
* * * LOW HITPOINT WARNING * * *
The gnoll closely misses you.
You barely miss the gnoll.
The gnoll is almost dead.
The gnoll shouts!
You hear a shout!
The gnoll hits you with a whip of electrocution!
* * * LOW HITPOINT WARNING * * *
The gnoll closely misses you. x2
You are no longer glowing.
The gnoll hits you with a whip of electrocution.
* * * LOW HITPOINT WARNING * * *
You are electrocuted!
You die...

...# ##.# ##.## ....##
#.#..# ..##.#### #
.###....# ... #
####.##############.....
#...).....@g.........
##########..g##....#
#########>..##)..#
..........###.g##..%#
..######### #.## ... g.
. ... ...≈


.ggg# You could see 2 gnolls.

Vanquished Creatures
  An ogre (D:4)
  2 giant frogs (Sewer)
  A hound (D:4)
  5 orc wizards
  2 orc priests
  A gnoll shaman (D:5)
  2 iguanas (D:4)
  9 adders
  A gnoll (D:5)
  5 river rats (Sewer)
  2 giant mites (D:3)
  A worm (D:2)
  An adder zombie (D:3)
  5 giant geckos
  2 oozes
  14 orcs
  7 bats
  4 giant cockroaches
  10 goblins
  12 hobgoblins
  2 jackals (D:3)
  6 quokkas
  19 ball pythons
  8 giant newts
  A jackal skeleton (D:5)
  11 kobolds
  33 rats
167 creatures vanquished.

Notes
Turn   | Place    | Note
--------------------------------------------------------------
     0 | D:1      | karlm, the Ogre Hunter, began the quest for the Orb.
     0 | D:1      | Reached XP level 1. HP: 22/22 MP: 1/1
    31 | D:1      | Found a sparkling altar of Nemelex Xobeh.
   160 | D:1      | Reached XP level 2. HP: 7/29 MP: 2/2
  1459 | D:2      | Found an opulent altar of Gozag.
  1468 | D:2      | Reached skill level 1 in Maces & Flails
  1468 | D:2      | Reached skill level 5 in Throwing
  1468 | D:2      | Reached XP level 3. HP: 36/36 MP: 3/3
  1471 | D:2      | Found a bloodstained altar of Trog.
  1776 | D:2      | Found a sparkling altar of Nemelex Xobeh.
  1784 | D:2      | Became a worshipper of Trog the Wrathful
  2041 | D:2      | Found a sacrificial altar of Ru.
  2074 | D:2      | Reached XP level 4. HP: 10/45 MP: 4/4
  2538 | D:2      | Reached skill level 1 in Stealth
  2599 | D:2      | Found a shadowy altar of Dithmenos.
  2897 | D:2      | Reached XP level 5. HP: 24/54 MP: 5/5
  3163 | D:3      | Acquired Trog's first power
  3253 | D:3      | Found a glowing drain.
  3272 | Sewer    | Entered a sewer
  3445 | Sewer    | Reached XP level 6. HP: 62/62 MP: 6/6
  3839 | Sewer    | Acquired Trog's second power
  4291 | Sewer    | Reached skill level 5 in Fighting
  4291 | Sewer    | Reached skill level 5 in Maces & Flails
  4291 | Sewer    | Reached XP level 7. HP: 44/72 MP: 7/7
  6297 | D:4      | Found a snail-covered altar of Cheibriados.
  6306 | D:4      | Reached skill level 6 in Fighting
  6430 | D:4      | Found a deep blue altar of Sif Muna.
  6616 | D:5      | Entered Level 5 of the Dungeon
  6616 | D:5      | Found a staircase to the Ecumenical Temple.
  6740 | Temple   | Entered the Ecumenical Temple
  6925 | D:5      | Reached XP level 8. HP: 84/84 MP: 8/8
  6938 | D:5      | Slain by a gnoll

Action                   |  1- 3 |  4- 6 |  7- 9 || total
-------------------------+-------+-------+-------++-------
Melee: Short sword       |    51 |       |       ||    51
       Whip              |    83 |    22 |       ||   105
       Morningstar       |       |   199 |   146 ||   345
Throw: Large rock        |    15 |    12 |     7 ||    34
       Tomahawk          |       |       |     5 ||     5
Invok: Berserk           |       |       |     2 ||     2
Evoke: Deck              |     1 |       |       ||     1
  Use: Potion            |     2 |       |     3 ||     5
       Scroll            |       |       |     9 ||     9
 Stab: Paralysed         |       |     2 |       ||     2
       Sleeping          |       |     4 |     2 ||     6
  Eat: Chunk             |     4 |     7 |    10 ||    21
